 Dungeon Crawl Stone Soup version 0.30.0-18-gc0e69614cb (webtiles) character file.

Game seed: 10825388755845917502

394 javelincjr the Sneak (level 6, -3/41 HPs)
             Began as an Octopode Conjurer on May 24, 2023.
             Was an Initiate of Sif Muna.
             Slain by Kranky's ghost (9 damage)
             ... on level 4 of the Dungeon.
             The game lasted 00:14:03 (5115 turns).

javelincjr the Sneak (Octopode Conjurer)            Turns: 5115, Time: 00:14:03

Health: -3/41      AC:  8    Str:  7    XL:     6   Next: 82%
Magic:  2/11       EV: 13    Int: 22    God:    Sif Muna [......]
Gold:   204        SH:  5    Dex: 10    Spells: 8/11 levels left

rFire   . . .        v - +3 flail (protect)
rCold   . . .        (no shield)
rNeg    + . .        (helmet restricted)
rPois   .            u - amulet of reflection
rElec   .            m - ring of resist corrosion
rCorr   +            o - ring of positive energy
SInv    .            s - ring of willpower
Will    +....        (no ring)
Stlth   ++++         (no ring)
HPRegen 0.26/turn    (no ring)
MPRegen 0.12/turn    (no ring)
                     (no ring)

%: reflection
@: under a protective aura, attractive, flying, hasted, very quick
A: almost no armour, amphibious, 8 rings, camouflage 1, gelatinous body 1,
(nimble swimmer 1), tentacles
a: Renounce Religion


You were on level 4 of the Dungeon.
You worshipped Sif Muna.
Sif Muna was noncommittal.
You visited 2 branches of the dungeon, and saw 5 of its levels.

You collected 204 gold pieces.

Inventory:

Hand Weapons
 v - a +3 flail of protection (weapon)
 w - a +2 great sword of holy wrath
Jewellery
 m - a ring of resist corrosion (left tentacle)
 o - a ring of positive energy (right tentacle)
 s - a ring of willpower (on tentacle)
 u - an amulet of reflection (around mantle)
Scrolls
 c - 2 scrolls of brand weapon
 d - a scroll of blinking {unknown}
 g - a scroll of vulnerability {unknown}
 i - a scroll of amnesia {unknown}
 p - a scroll of enchant weapon {unknown}
 r - 2 scrolls of poison {unknown}
Potions
 a - a potion of magic
 e - 2 potions of invisibility
 k - 2 potions of lignification
 l - 2 potions of resistance {unknown}
 n - a potion of berserk rage {unknown}
 q - 2 potions of brilliance {unknown}
 t - 2 potions of curing
 x - a potion of cancellation {unknown}


   Skills:
 + Level 2.4 Fighting
 + Level 0.3 Maces & Flails
 + Level 3.5 Dodging
 + Level 5.1 Stealth
 + Level 3.3 Spellcasting
 + Level 5.0 Conjurations


You had 8 spell levels left.
You knew the following spells:

 Your Spells              Type           Power      Damage    Failure   Level
a - Magic Dart            Conj           100%       1d8       1%          1
b - Searing Ray           Conj           50%        2d6       2%          2

Your spell library contained the following spells:

 Spells                   Type           Power      Damage    Failure   Level
 Necrotise                Necr           12%        1d4       12%         1
 Dazzling Flash           Conj/Hex       28%        N/A       13%         3
 Vampiric Draining        Necr           3%         2d6       34%         3
 Vhi's Electric Charge    Tloc/Air       6%         N/A       34%         3
 Fulminant Prism          Conj/Hex       7%         3d7       38%         4
 Iskenderun's Mystic Bla  Conj/Tloc      14%        2d5       38%         4
 Arcjolt                  Conj/Air       7%         1d17      75%         5
 Agony                    Necr           3%         N/A       97%         5
 Maxwell's Capacitive Co  Air            1%         ∞         100%        8


Dungeon Overview and Level Annotations

Branches:
Dungeon (4/15)             Temple (1/1) D:4

Altars:
Ashenzari
Cheibriados
Elyvilon
Fedhas
Gozag
Hepliaklqana
Makhleb
Nemelex Xobeh
Okawaru
Qazlal
Ru
Sif Muna
Trog
Uskayaw
Vehumet
Wu Jian
Xom
Yredelemnul
Zin
The Shining One

Shops:
D:3 *

Annotations:
D:4 Kranky's ghost, amateur TrWr


Innate Abilities, Weirdness & Mutations

You cannot wear most types of armour.
You are amphibious.
You can wear up to eight rings at the same time.
Your skin changes colour to match your surroundings (Stealth+).
Your rubbery body absorbs attacks. (AC +1, EV +1)
((You are camouflaged when in or above water. (Stealth+)))
You have tentacles for arms and can constrict up to eight enemies at once.


Message History

Kranky's ghost is attracted toward you.
The kobold brigand is attracted toward you.
The kobold brigand is attracted toward you.
The kobold brigand is attracted toward you.
Kranky's ghost is attracted toward you.
The kobold brigand is attracted toward you.
The kobold brigand is attracted toward you.
The kobold brigand is attracted toward you.
Kranky's ghost is attracted toward you.
The kobold brigand is attracted toward you.
The kobold brigand is attracted toward you.
Kranky's ghost is attracted toward you.
The kobold brigand is attracted toward you.
The kobold brigand is attracted toward you.
Kranky's ghost is attracted toward you.
The kobold brigand is attracted toward you.
The kobold brigand is attracted toward you.
Kranky's ghost is attracted toward you.
The kobold brigand is attracted toward you.
The kobold brigand is attracted toward you.
Kranky's ghost is attracted toward you.
The kobold brigand is attracted toward you.
The kobold brigand is attracted toward you.
Kranky's ghost feints to the left.
Kranky's ghost is attracted toward you.
The kobold brigand is attracted toward you.
The kobold brigand is attracted toward you.
Kranky's ghost is attracted toward you.
The kobold brigand is attracted toward you.
The kobold brigand is attracted toward you.
Kranky's ghost is attracted toward you.
The kobold brigand is attracted toward you.
The kobold brigand is attracted toward you.
The kobold brigand is attracted toward you.
There is a stone staircase leading up here.
You hit Kranky's ghost.
Your weapon exudes an aura of protection.
Kranky's ghost is almost destroyed.
Kranky's ghost hits you!
You die...

#.# #.# #........##
##.########### ####§.....##
#......##.$$## #.....###.#.
#..#####.....## #.####.##.## #..#
#.#...#.# #.# #.§#... #..#
#⌠.#.#.⌠# #.# #§##### ...#
#.#.)(#.# #.# #.##.## ##.#
###.....#########.####§##.##
##.###.##'')##))@WK§§§§§§§§..#...
..)..#.......).######..#####.....
.#.#(#####..#.## #............#.
..............# #.#.########[#.
.###.########## #.#.# #.#.
.....##############.#.#### #.#.
##...............##.#....# #.#.
#.#############.##.####.# #.#.
#.# #.##.# #.#####.#.


You could see a kobold brigand and Kranky's ghost.

Vanquished Creatures
  An ogre (D:4)
  A scorpion (D:4)
  A jelly (D:4)
  A hound (D:4)
  An iguana (D:4)
  5 adders
  An ufetubus (D:4)
  An adder skeleton (D:2)
  3 worms
  A dart slug (D:4)
  3 orcs
  3 bats
  10 endoplasms
  A giant cockroach (D:1)
  12 goblins
  12 hobgoblins
  7 jackals
  14 kobolds
  2 quokkas
  8 ball pythons
  A ball python zombie (D:2)
  6 frilled lizards
  A quokka skeleton (D:2)
  4 rats
100 creatures vanquished.

Notes
Turn   | Place    | Note
-------+----------+-------------------------------------------
     0 | D:1      | javelincjr the Octopode Conjurer began the quest for the
                  | Orb.
     0 | D:1      | Reached XP level 1. HP: 11/11 MP: 3/3
   186 | D:1      | Reached XP level 2. HP: 17/17 MP: 0/5
   445 | D:1      | Learned a level 2 spell: Searing Ray
   610 | D:1      | Reached XP level 3. HP: 21/21 MP: 2/6
  1155 | D:2      | Found a broken altar of Ashenzari.
  1549 | D:2      | Reached skill level 1 in Fighting
  1549 | D:2      | Reached XP level 4. HP: 28/28 MP: 3/7
  2362 | D:3      | Found a broken altar of Ashenzari.
  2794 | D:3      | Found Faqyufob's Assorted Antiques.
  2870 | D:3      | Reached XP level 5. HP: 33/33 MP: 5/9
  3494 | D:4      | Found a runed translucent gate.
  3494 | D:4      | Found a runed translucent gate.
  3494 | D:4      | Found a runed translucent gate.
  3495 | D:4      | Noticed Kranky's ghost (amateur TrWr)
  3496 | D:4      | Noticed a kobold brigand
  3961 | D:4      | Reached XP level 6. HP: 37/39 MP: 2/10
  4194 | D:4      | Reached skill level 5 in Stealth
  4707 | D:4      | Found a staircase to the Ecumenical Temple.
  4779 | Temple   | Entered the Ecumenical Temple
  4862 | Temple   | Became a worshipper of Sif Muna the Loreminder
  5072 | D:4      | Reached skill level 5 in Conjurations
  5084 | D:4      | HP: 1/41 [Kranky's ghost (8)]
  5115 | D:4      | Slain by Kranky's ghost

Illustrated notes

Levels and vault maps discovered:
D:1:      sevenhm_arrival_forest_fort_large_2, layout_rooms, minivault_26,
          minmay_misc_feat_doors, nicolae_concentric_dashed_squares_wild
D:2:      wander_river, layout_loops_ring, basic_altar, serial_undead,
          serial_undead_c, serial_undead_e, serial_undead_c, serial_undead_b
D:3:      layout_basic, nicolae_overflow_hidden_temple, serial_shops, shop
D:4:      layout_loops_ring, temple_hall, gammafunk_ghost_nasty_kobolds,
          minmay_misc_feat_columns, bh_walls_and_bars
Temple:   nicolae_temple_bog_church

Skill      XL: |  1  2  3  4  5  6 |
---------------+-------------------+-----
Stealth        | 3 4 5 |  5.1
Fighting       | 1 2 |  2.4
Dodging        | 3 |  3.5
Spellcasting   | 3 |  3.3
Conjurations   | 5 |  5.0
Maces & Flails | |  0.3

Action                     |  1- 3 |  4- 6 || total
---------------------------+-------+-------++-------
  Melee: Unarmed           |    12 |    54 ||    66
         Tentacles         |     3 |     9 ||    12
         Constrict         |     3 |    11 ||    14
         Flail             |       |     2 ||     2
   Cast: Magic Dart        |    64 |    87 ||   151
         Searing Ray       |     1 |    15 ||    16
    Use: Scroll            |       |     4 ||     4
         Potion            |       |     3 ||     3
   Stab: Sleeping          |       |     4 ||     4
 Armour: Skin              |       |     5 ||     5
  Dodge: Dodged            |    16 |    45 ||    61
  Block: Other             |       |     3 ||     3
